 Dungeon Crawl Stone Soup version 0.31.0-12-g77e489cdc1 (webtiles) character file.

Game seed: 1754351755887747733

8523 Curundu the Cleaver (level 11, -6/97 HPs)
             Began as a Minotaur Berserker on Mar 5, 2024.
             Was a Priest of Trog.
             Killed by divine providence
             ... invoked by Saint Roka
              (9 damage)
             ... on level 2 of the Orcish Mines.
             The game lasted 00:33:42 (10214 turns).

Curundu the Cleaver (Minotaur Berserker)           Turns: 10214, Time: 00:33:47

Health: -6/97      AC: 34    Str: 26    XL:     11   Next: 11%
Magic:  10/10      EV:  9    Int:  4    God:    Trog [***...]
Gold:   809        SH:  0    Dex: 10    Spells: 10/10 levels left

rFire   . . .        b - +1 war axe (heavy)
rCold   . . .        (no shield)
rNeg    . . .        B - +4 plate armour
rPois   .            (helmet restricted)
rElec   .            d - +2 cloak
rCorr   .            s - +0 pair of gloves
SInv    .            l - +0 pair of boots
Will    ++...        (no amulet) Stlth
                     A - +4 ring of protection
HPRegen 1.36/turn    x - +4 ring of protection
MPRegen 0.12/turn

%: no passive effects
@: mighty, strong-willed (expiring), on berserk cooldown, regenerating
(expiring), slowed, very slow
A: horns 2, retaliatory headbutt
a: Renounce Religion, Berserk, Trog's Hand


You were on level 2 of the Orcish Mines.
You worshipped Trog.
Trog was most pleased with you.
You visited 2 branches of the dungeon, and saw 11 of its levels.

You collected 809 gold pieces.

Inventory:

Hand Weapons
 b - a +1 heavy war axe (weapon)
 r - a +4 flail
Missiles
 y - 10 boomerangs (quivered)
Armour
 d - a +2 cloak (worn)
 l - a +0 pair of boots (worn)
 n - a scarf of repulsion
 s - a +0 pair of gloves (worn)
 B - a +4 plate armour (worn)
Jewellery
 q - a ring of protection from fire
 t - a ring of protection from cold
 w - a ring of willpower
 x - a +4 ring of protection (right hand)
 A - a +4 ring of protection (left hand)
Wands
 a - a wand of paralysis (17)
 u - a wand of iceblast (11)
 D - a wand of flame (10)
 F - a wand of polymorph (3)
Scrolls
 c - 3 scrolls of teleportation
 f - a scroll of butterflies
 h - a scroll of poison
 i - 3 scrolls of fear
 o - 8 scrolls of revelation
 C - 6 scrolls of blinking
Potions
 e - a potion of enlightenment
 g - a potion of berserk rage
 j - 5 potions of curing
 k - 2 potions of haste
 p - 2 potions of attraction
 E - a potion of lignification
 G - a potion of heal wounds


   Skills:
 * Level 9.4 Fighting
 + Level 13.1 Axes
 + Level 1.0 Throwing
 + Level 12.4 Armour
 * Level 5.5 Dodging
 - Level 1.7 Stealth


You had 10 spell levels left.
You didn't know any spells.
Your spell library was empty.

Dungeon Overview and Level Annotations

Branches:
Dungeon (9/15)             Temple (0/1) D:5             Orc (2/2) D:9
   Lair: D:8-11         Elf: Orc:2

Altars:
Ashenzari
Cheibriados
Elyvilon
Gozag
Hepliaklqana
Makhleb
Okawaru
Ru
Sif Muna
Wu Jian

Shops:
D:2 (   D:6 !   Orc:2 (

Annotations:
Orc:1 2 transporters, Waters's ghost, novice OpIE
Orc:2 Saint Roka


Innate Abilities, Weirdness & Mutations

You have a pair of horns on your head.
You reflexively headbutt those who attack you in melee.


Message History

Saint Roka is lightly wounded.
Saint Roka hits you but does no damage.
You slice Saint Roka!!
Saint Roka is lightly wounded.
Saint Roka calls down the wrath of Beogh upon you.
Beogh smites you!
You cut Saint Roka into ribbons!!!
Saint Roka is moderately wounded.
You slash Saint Roka! Your headbutt misses Saint Roka.
Saint Roka is heavily wounded.
Saint Roka says, "Down here, you're an orc or you're nobody."
Saint Roka invokes the aid of Beogh against you.
Beogh smites you!
You slash Saint Roka! Your headbutt misses Saint Roka.
Saint Roka is heavily wounded.
You are no longer berserk.
You are exhausted.
You feel yourself slow down. Saint Roka hits you but does no damage.
You barely miss Saint Roka. You headbutt Saint Roka!
Saint Roka is heavily wounded.
Saint Roka calls down the wrath of Beogh upon you.
Beogh smites you! Saint Roka completely misses you. You furiously retaliate!
You headbutt Saint Roka! You slice Saint Roka!!
Your headbutt misses Saint Roka.
Saint Roka is severely wounded.
You feel the effects of Trog's Hand fading.
Saint Roka calls down the wrath of Beogh upon you.
Beogh smites you!
* * * LOW HITPOINT WARNING * * *
Saint Roka hits you with a +0 glaive!
* * * LOW HITPOINT WARNING * * *
You slash Saint Roka!
Saint Roka is severely wounded.
Saint Roka calls down the wrath of Beogh upon you.
Beogh smites you!
* * * LOW HITPOINT WARNING * * *
Saint Roka invokes the aid of Beogh against you.
Beogh smites you!
You die...
Saint Roka roars, "Praise to Beogh!"

###...≈≈≈§≈$<......
##.....≈∩..§.......#
##......§§≈≈§........
#.........###........
###.........#.#........
#.#..........###.......
#..).)....#### ##.o....
##..<))......###.......
##)))@o......##.......
#...#................
###.##...............
####....).........#
#............<..#
#.#...........###
####..........#
###............###
#.#...............


You could see Saint Roka.

Vanquished Creatures
  An orc warlord (Orc:1)
  3 orc sorcerers
  A troll (Orc:1)
  Prince Ribbit (D:8)
  A hornet (D:7)
  Sigmund (D:3)
  2 wyverns
  6 yaks (D:9)
  6 wargs (Orc:1)
  An acid dragon (D:9)
  A water moccasin (D:8)
  A black bear (D:6)
  10 orc warriors
  3 ogres (Orc:1)
  3 centaurs
  6 kobold brigands
  3 scorpions (D:5)
  6 killer bees (D:8)
  A howler monkey (D:7)
  7 hounds
  A jelly (D:5)
  3 bombardier beetles
  A gnoll bouda (D:6)
  2 orc priests
  Crazy Yiuf (D:7)
  6 iguanas
  3 sleepcaps
  9 orc wizards
  8 gnolls
  9 adders
  A shadow imp (D:6)
  A ribbon worm zombie (D:5)
  3 dart slugs
  2 ribbon worms
  49 orcs
  6 endoplasms
  A giant cockroach (D:2)
  4 goblins
  5 hobgoblins
  A quokka (D:1)
  A ball python (D:2)
  5 bats
  3 frilled lizards
  A hobgoblin zombie (D:5)
  33 kobolds
  7 rats
230 creatures vanquished.

Notes
Turn   | Place    | Note
-------+----------+-------------------------------------------
     0 | D:1      | Curundu the Minotaur Berserker began the quest for the Orb.
     0 | D:1      | Reached XP level 1. HP: 19/19 MP: 0/0
   143 | D:1      | Found a faded altar of an unknown god.
   237 | D:1      | Reached XP level 2. HP: 27/27 MP: 1/1
   675 | D:2      | Reached skill level 4 in Axes
   675 | D:2      | Reached XP level 3. HP: 25/33 MP: 2/2
   944 | D:2      | Reached XP level 4. HP: 38/41 MP: 3/3
  1082 | D:2      | Found Ipach's Antique Weapon Shoppe.
  1241 | D:2      | Reached ** piety under Trog
  1568 | D:3      | Noticed Sigmund
  1587 | D:3      | Killed Sigmund
  1588 | D:3      | Reached skill level 5 in Fighting
  1588 | D:3      | Reached skill level 5 in Axes
  1588 | D:3      | Reached skill level 1 in Stealth
  1588 | D:3      | Reached XP level 5. HP: 30/48 MP: 4/4
  1588 | D:3      | Reached XP level 6. HP: 35/56 MP: 5/5
  1990 | D:3      | Found an opulent altar of Gozag.
  2270 | D:3      | Found an ornate altar of the Wu Jian Council.
  2592 | D:4      | Found a broken altar of Ashenzari.
  2857 | D:4      | Found a snail-covered altar of Cheibriados.
  2992 | D:4      | Reached skill level 6 in Axes
  3151 | D:4      | Found a white marble altar of Elyvilon.
  3186 | D:4      | Found a sacrificial altar of Ru.
  3307 | D:5      | Entered Level 5 of the Dungeon
  3327 | D:5      | Identified the +1 dagger of Unevol {protect, Will+ Dex+4}
  3415 | D:5      | Reached XP level 7. HP: 28/63 MP: 6/6
  3686 | D:5      | Found a staircase to the Ecumenical Temple.
  3892 | D:5      | Reached skill level 7 in Axes
  4137 | D:5      | Reached *** piety under Trog
  4138 | D:5      | Reached skill level 5 in Armour
  4436 | D:6      | Reached XP level 8. HP: 51/71 MP: 7/7
  4736 | D:6      | Reached skill level 8 in Axes
  5046 | D:6      | Found Jenaetuh's Distillery.
  5587 | D:7      | Found a burning altar of Makhleb.
  6030 | D:7      | Identified the +2 orcbow "Beplu" {drain, rPois Dex+2 SInv}
  6032 | D:7      | Reached skill level 9 in Axes
  6063 | D:7      | Reached **** piety under Trog
  6109 | D:7      | Reached XP level 9. HP: 74/79 MP: 8/8
  6273 | D:7      | Found a runed translucent door.
  6274 | D:7      | Noticed Crazy Yiuf
  6280 | D:7      | Killed Crazy Yiuf
  6307 | D:7      | Found a hazy altar of Hepliaklqana.
  6776 | D:8      | Reached skill level 10 in Axes
  7547 | D:8      | Noticed Prince Ribbit
  7562 | D:8      | Killed Prince Ribbit
  7916 | D:9      | Reached skill level 11 in Axes
  7920 | D:9      | Reached skill level 10 in Armour
  7920 | D:9      | Reached skill level 5 in Dodging
  7924 | D:9      | Reached XP level 10. HP: 72/90 MP: 9/9
  8474 | D:9      | Found a shimmering blue altar of Sif Muna.
  8580 | D:9      | Found a staircase to the Orcish Mines.
  8592 | D:9      | Found an iron altar of Okawaru.
  8616 | Orc:1    | Entered Level 1 of the Orcish Mines
  8620 | Orc:1    | Noticed an orc sorcerer
  8630 | Orc:1    | Killed an orc sorcerer
  8814 | Orc:1    | Identified the +4 great mace of Kuom {flame, Will+ rCorr}
  8814 | Orc:1    | Noticed a two-headed ogre
  8816 | Orc:1    | Noticed Waters's ghost (novice OpIE)
  8820 | Orc:1    | Noticed a two-headed ogre
  8822 | Orc:1    | Found a transporter.
  8824 | Orc:1    | Noticed a two-headed ogre
  8824 | Orc:1    | Noticed a two-headed ogre
  8825 | Orc:1    | Noticed a two-headed ogre
  8833 | Orc:1    | Reached skill level 12 in Axes
  8994 | Orc:1    | Found a transporter.
  9067 | Orc:2    | Entered Level 2 of the Orcish Mines
  9067 | Orc:2    | Found Munietre's Antique Weapon Shop.
  9073 | Orc:2    | Noticed an orc warlord
  9273 | Orc:1    | Killed an orc warlord
  9274 | Orc:1    | Reached skill level 1 in Throwing
  9510 | Orc:2    | Noticed Saint Roka
  9511 | Orc:2    | Noticed an orc sorcerer
  9737 | Orc:2    | Reached skill level 13 in Axes
  9743 | Orc:1    | Killed an orc sorcerer
  9744 | Orc:1    | Reached XP level 11. HP: 76/97 MP: 10/10
 10039 | Orc:2    | Noticed an orc sorcerer
 10204 | Orc:2    | Killed an orc sorcerer
 10214 | Orc:2    | HP: 3/97 [Saint Roka/divine providence (12)]
 10214 | Orc:2    | Killed from afar by Saint Roka

Illustrated notes

Levels and vault maps discovered:
D:1:      heliophobic_arrival_dark_side_of_the_moon, layout_basic,
          shapermc_ecumenical_altar_gd, kennysheep_crisscross,
          minmay_misc_feat_square, minmay_octomino_e4
D:2:      layout_loops_ring, serial_shops, nicolae_square_shop,
          serial_park_tiny_1, minmay_fractal_squares_5
D:3:      layout_loops_ring, mainiacjoe_overflow_alcove_4,
          mainiacjoe_overflow_tiny_flanked, serial_bayou_lagoon_a,
          nicolae_figureground_sparkle, uniq_sigmund
D:4:      layout_loops_ring, nicolae_ru_path_of_blood,
          overflow_temple_1_default, mainiacjoe_overflow_swirl, corexii_shack
D:5:      layout_basic, minmay_temple_entry_hall, enter_ossuary_3,
          minmay_misc_feat_plants
D:6:      layout_basic, serial_shops, shop, minmay_misc_feat_nine_boxes,
          serial_bayou_pond_a
D:7:      layout_basic, worldfamousw_hep_ancestral_shrine, bloody_makhleb,
          minmay_chambers_of_fives, uniq_crazy_yiuf_cottage
D:8:      layout_cave_pods, uniq_prince_ribbit1
D:9:      layout_roguey, kennysheep_mini, tgw_sif, orc_0_dummy,
          nicolae_twisty_statue_hallways
Orc:1:    layout_diamond_mine, basic_altar, gammafunk_ghost_smash
Orc:2:    st_orc_ogre_mass, layout_diamond_mine, serial_shops,
          nicolae_shop_peninsula, nicolae_volcano_entry_lava_flow,
          uniq_saint_roka

Skill      XL: |  1  2  3  4  5  6  7  8  9 10 |
---------------+-------------------------------+-----
Fighting       | 4 5 6 7 8 9 |  9.4
Axes           | 4 5 6 7 9 11 13 | 13.1
Dodging        | 3 4 5 |  5.5
Stealth        | 1 |  1.7
Armour         | 3 5 8 10 12 | 12.4
Throwing       | 1 |  1.0

Action                     |  1- 3 |  4- 6 |  7- 9 | 10-12 || total
---------------------------+-------+-------+-------+-------++-------
  Melee: Hand axe          |    48 |    62 |       |       ||   110
         Headbutt          |     5 |    17 |    32 |    22 ||    76
         Punch             |     1 |     2 |     3 |     2 ||     8
         War axe           |       |    44 |   238 |   120 ||   402
  Throw: Boomerang         |       |       |       |     6 ||     6
 Invoke: Berserk           |       |     1 |     1 |     4 ||     6
         Trog's Hand       |       |     1 |     9 |    11 ||    21
    Use: Scroll            |       |     9 |    15 |     1 ||    25
         Potion            |       |       |       |     1 ||     1
   Stab: Sleeping          |     1 |     1 |       |       ||     2
 Armour: Animal skin       |    20 |    31 |       |       ||    51
         Chain mail        |       |    39 |   278 |    36 ||   353
         Plate armour      |       |       |       |   174 ||   174
  Dodge: Dodged            |    24 |    46 |   182 |    95 ||   347
